 Dungeon Crawl Stone Soup version 0.30-a0-371-gad7725a93e (webtiles) character file.

Game seed: 5309954877607807067

392 NinjaNoafa the Shield-Bearer (level 6, -1/59 HPs)
             Began as a Troll Fighter on Nov 22, 2022.
             Was a Priest of Elyvilon.
             Slain by an ogre
             ... wielding a +0 giant club
              (34 damage)
             ... on level 5 of the Dungeon.
             The game lasted 00:05:23 (2457 turns).

NinjaNoafa the Shield-Bearer (Troll Fighter)        Turns: 2457, Time: 00:05:24

Health: -1/59      AC:  4    Str: 25    XL:     6   Next: 50%
Magic:  5/5        EV:  9    Int:  4    God:    Elyvilon [***...]
Gold:   177        SH:  8    Dex: 11    Spells: 5/5 levels left

rFire   . . .      SeeInvis .      - Unarmed
rCold   . . .      Faith    .    b - +0 kite shield
rNeg    + . .      Spirit   .    a - +0 robe
rPois   +          Reflect  .    (helmet restricted)
rElec   .          Harm     .    (no cloak)
rCorr   .          Rampage  .    (gloves unavailable)
Will    .....                    (boots unavailable)
Stlth   +.........               (no amulet)
HPRegen 1.09/turn                i - ring of positive energy
MPRegen 0.09/turn                r - ring of poison resistance

@: no status effects
A: large, unfitting armour, claws 3, regeneration 1, shaggy fur 1, tough skin 1
a: Renounce Religion, Purification, Heal Other, Heal Self


You were on level 5 of the Dungeon.
You worshipped Elyvilon.
Elyvilon was most pleased with you.
You visited 1 branch of the dungeon, and saw 5 of its levels.

You collected 177 gold pieces.

Inventory:

Missiles
 j - 51 stones (quivered)
 m - 6 poisoned darts
 w - a boomerang
Armour
 a - a +0 robe (worn)
 b - a +0 kite shield (worn)
Jewellery
 i - a ring of positive energy (left claw)
 r - a ring of poison resistance (right claw)
 y - an amulet of reflection
Wands
 p - a wand of flame (41)
 u - a wand of polymorph (11)
 x - a wand of charming (15)
Scrolls
 g - 5 scrolls of vulnerability {unknown}
 h - 3 scrolls of identify {unknown}
 k - a scroll of silence {unknown}
 l - a scroll of poison {unknown}
 o - a scroll of fear {unknown}
 t - a scroll of teleportation {unknown}
 v - 2 scrolls of enchant armour {unknown}
Potions
 c - a potion of might
 d - a potion of magic {unknown}
 e - a potion of ambrosia {unknown}
 f - 2 potions of degeneration {unknown}
 n - 3 potions of curing {unknown}
 q - 2 potions of heal wounds {unknown}
 s - a potion of flight {unknown}


   Skills:
 - Level 2.4 Fighting
 - Level 2.4 Dodging
 + Level 5.2 Shields
 - Level 5.0 Unarmed Combat


You had 5 spell levels left.
You didn't know any spells.
Your spell library contained the following spells:

 Spells                   Type           Power      Damage    Failure   Level
 Freeze                   Ice            0%         1d3       77%         1
 Dazzling Flash           Conj/Hex       0%         N/A       98%         3
 Frozen Ramparts          Ice            0%         1d1       98%         3
 Hailstorm                Conj/Ice       0%         3d3       98%         3
 Ozocubu's Armour         Ice            0%         N/A       98%         3
 Agony                    Necr           0%         N/A       100%        5
 Silence                  Hex/Air        0%         N/A       100%        5
 Ozocubu's Refrigeration  Ice            0%         4d7       100%        7


Dungeon Overview and Level Annotations

Branches:
Dungeon (5/15)
 Temple: D:4-7

Altars:
Elyvilon
Kikubaaqudgha
Vehumet


Innate Abilities, Weirdness & Mutations

You are too large for most types of armour.
You have claws for hands.
Your natural rate of healing is unusually fast.
You are covered in fur. (AC +1)
You have tough skin. (AC +1)


Message History

The orc is heavily wounded.
The orc hits you but does no damage.
You closely miss the orc.
The orc is heavily wounded.
The orc barely misses you.
You scratch the orc.
The orc is severely wounded.
You block the orc's attack.
You claw the orc!
You kill the orc!
n - 3 cyan potions (gained 1)
Items here: )) [[.
You see here a +0 dagger.
Items here: )) [[.
A goblin comes into view. It is carrying a wand of flame (31).
A goblin is nearby!
A goblin is nearby!
Found a radiant altar of Vehumet.
You closely miss the goblin. The goblin closely misses you.
You claw the goblin!
You kill the goblin!
p - a wand of flame (41) (gained 31 charges)
y - an amulet of reflection
Found a stone staircase leading down.
There is a stone staircase leading down here.
Found a stone staircase leading down.
An ogre comes into view. It is wielding a +0 giant club.
An ogre is nearby!
An ogre is nearby!
Found a scroll labelled WEMIMPOIPU.
The ogre closely misses you.
You scratch the ogre.
The ogre is moderately wounded.
You barely miss the ogre.
The ogre is moderately wounded.
The ogre hits you with a +0 giant club!!
You claw the ogre!
The ogre is severely wounded.
The ogre hits you with a +0 giant club!!
Ouch! That really hurt!
You die...

########
+......###.# .
+....?.... . .
+.O....# .#.
#.@# ..#
#>#..#### #.#
#?......#### #.#
#.#####....###.#
#.. ####..>..#
... #####.# ##.
#.# #. #.#
####.#


You could see an ogre.

Vanquished Creatures
  Sigmund (D:3)
  An orc priest (D:4)
  Jessica (D:2)
  2 orc wizards (D:4)
  5 adders
  A worm (D:3)
  2 dart slugs (D:2)
  11 orcs
  9 ball pythons
  5 endoplasms
  4 giant cockroaches
  10 goblins
  7 hobgoblins
  4 kobolds
  A quokka (D:3)
  A bat (D:1)
  3 frilled lizards
  2 rats (D:1)
70 creatures vanquished.

Notes
Turn   | Place    | Note
-------+----------+-------------------------------------------
     0 | D:1      | NinjaNoafa the Troll Fighter began the quest for the Orb.
     0 | D:1      | Reached XP level 1. HP: 22/22 MP: 0/0
   165 | D:1      | Reached XP level 2. HP: 29/29 MP: 1/1
   648 | D:2      | Found a faded altar of an unknown god.
   670 | D:2      | Prayed at the altar of an unknown god.
   670 | D:2      | Became a worshipper of Elyvilon the Healer
   670 | D:2      | Reached * piety under Elyvilon
   869 | D:2      | Reached XP level 3. HP: 36/36 MP: 2/2
   921 | D:2      | Noticed Jessica
   931 | D:2      | Killed Jessica
  1174 | D:3      | Noticed Sigmund
  1181 | D:3      | Killed Sigmund
  1182 | D:3      | Reached XP level 4. HP: 41/44 MP: 3/3
  1182 | D:3      | Reached XP level 5. HP: 47/50 MP: 4/4
  1254 | D:3      | Reached ** piety under Elyvilon
  1438 | D:3      | Found an ancient bone altar of Kikubaaqudgha.
  1645 | D:3      | Found a white marble altar of Elyvilon.
  1962 | D:4      | Reached XP level 6. HP: 59/59 MP: 5/5
  2173 | D:4      | Reached *** piety under Elyvilon
  2216 | D:4      | Reached skill level 5 in Shields
  2216 | D:4      | Reached skill level 5 in Unarmed Combat
  2365 | D:5      | Entered Level 5 of the Dungeon
  2410 | D:5      | Found a radiant altar of Vehumet.
  2457 | D:5      | Slain by an ogre

Illustrated notes

Levels and vault maps discovered:
D:1:      dpeg_arrival_short_road, layout_loops_ring
D:2:      layout_basic, ebering_ecumenical_altar_abandoned, uniq_jessica
D:3:      layout_loops_ring, kiku_gazebo_garden_becter,
          nicolae_elyvilon_temple_path, uniq_sigmund
D:4:      layout_rooms
D:5:      layout_rooms, vehumet_altar_wand_db, tgw_xom,
          hellmonk_okawaru_the_only_friend_you_need,
          kennysheep_cross_bottleneck, minmay_divided_ellipse,
          uniq_blork_the_orc

Skill      XL: |  1  2  3  4  5  6 |
---------------+-------------------+-----
Shields        | 3 4 5 |  5.2
Unarmed Combat | 4 5 |  5.0
Fighting       | |  2.4
Dodging        | |  2.4

Action                   |  1- 3 |  4- 6 || total
-------------------------+-------+-------++-------
Melee: Unarmed           |    66 |   121 ||   187
 Stab: Sleeping          |     1 |     1 ||     2
Armor: Robe              |    19 |    29 ||    48
Dodge: Dodged            |    13 |    29 ||    42
Block: Kite shield       |    21 |    40 ||    61

Table legend: (Time is in decaauts)
 A = Elapsed time spent in this place.
 B = Non-inter-level travel time spent in this place.
 C = Inter-level travel time spent in this place.
 D = Time resting spent in this place.
 E = Time spent auto-exploring this place.
 F = Levels seen in this place.
 G = Mean time per level.
                   A        B        C        D        E       F      G
               +--------+--------+--------+--------+--------+-----+--------+
         Total |   2463 |   2389 |     74 |      0 |   1818 |   5 |  492.6 |
       Dungeon |   2463 |   2389 |     74 |      0 |   1818 |   5 |  492.6 |
               +--------+--------+--------+--------+--------+-----+--------+

Top non-repeatable levels by time:
     D:3: 730 daAuts
     D:1: 637 daAuts
     D:2: 539 daAuts
     D:4: 464 daAuts
     D:5: 91 daAuts
